 Dungeon Crawl Stone Soup version 0.30.1-3-gfc49f6343a (webtiles) character file.

Game seed: 3478811608946672218

29 booth the Chopper (level 3, 0/28 HPs)
             Began as a Demonspawn Gladiator on Aug 4, 2023.
             Slain by a kobold
             ... wielding a +3 dagger of venom
              (2 damage)
             ... on level 1 of the Dungeon.
             The game lasted 00:02:14 (343 turns).

booth the Chopper (Demonspawn Gladiator)             Turns: 343, Time: 00:02:15

Health: 0/28       AC:  6    Str: 14    XL:     3   Next: 1%
Magic:  3/3        EV: 12    Int: 11    God:
Gold:   95         SH:  0    Dex: 14    Spells: 2/2 levels left

rFire   . . .        a - +0 war axe
rCold   . . .        (no shield)
rNeg    . . .        b - +0 leather armour
rPois   .            c - +0 helmet
rElec   .            (no cloak)
rCorr   .            (no gloves)
SInv    .            (no boots)
Will    .....        (no amulet)
Stlth   +            (no ring)
HPRegen 0.24/turn    (no ring)
MPRegen 0.08/turn

%: no passive effects
@: lethally poisoned (0 -> -6)
A: slimy green scales 1, weakness stinger 1
a: no special abilities


You were on level 1 of the Dungeon.
You visited 1 branch of the dungeon, and saw 1 of its levels.

You collected 95 gold pieces.

Inventory:

Hand Weapons
 a - a +0 war axe (weapon)
Missiles
 d - 3 throwing nets (quivered)
 e - a javelin
 i - 3 boomerangs
Armour
 b - a +0 leather armour (worn)
 c - a +0 helmet (worn)
Scrolls
 h - a scroll of teleportation {unknown}
 j - a scroll of identify {unknown}
Potions
 f - a potion of mutation {unknown}
 g - a potion of berserk rage {unknown}


   Skills:
 + Level 2.4 Fighting
 * Level 3.0 Axes
 + Level 2.1 Throwing
 + Level 3.0 Dodging
 + Level 0.0 Spellcasting


You had 2 spell levels left.
You didn't know any spells.
Your spell library was empty.

Dungeon Overview and Level Annotations

Branches:
Dungeon (1/15)

Altars:


Innate Abilities, Weirdness & Mutations

You are partially covered in slimy green scales. (AC +2)
You have a small tail.


Message History

A hobgoblin comes into view.
The jackal barely misses you.
The hobgoblin shouts!
You slash the jackal!
You kill the jackal!
You hit the goblin. The goblin barely misses you.
The goblin hits you with a +0 dagger. The goblin attacks as you move away!
The goblin hits you with a +0 dagger. The hobgoblin hits you.
You completely miss the hobgoblin. You hit the goblin.
You kill the goblin!
The hobgoblin closely misses you.
You barely miss the hobgoblin. The hobgoblin closely misses you.
The hobgoblin hits you.
You hit the hobgoblin. You tail-slap the hobgoblin.
You kill the hobgoblin!
A kobold comes into view. It is wielding a +3 dagger of venom.
You have reached level 3!
Your experience leads to an increase in your attributes!
Increase (S)trength, (I)ntelligence, or (D)exterity?
You feel clever. x2; Your demonic ancestry asserts itself...
Slimy green scales grow over part of your body.
You see here 3 scrolls labelled NEALYA JOUT.
The kobold shouts!
You barely miss the kobold.
Your tail-slap misses the kobold.
The kobold hits you with a +3 dagger of venom.
You are poisoned.
You miss the kobold.
You feel sick. The kobold hits you but does no damage.
The kobold hits you with a +3 dagger of venom.
* * * LOW HITPOINT WARNING * * *
You are lethally poisoned!
You miss the kobold.
* * * LOW HITPOINT WARNING * * *
You feel very sick. The kobold hits you but does no damage.
You hit the kobold but do no damage.
* * * LOW HITPOINT WARNING * * *
You feel sick.
The kobold hits you with a +3 dagger of venom.
You die...

######### #........
#........ #........
#........ ###..# ######
# #######...####......#
...............###.$####
#.).....).....).@K......
######..##########.###..
#.g.## .. #..### ## #..#
#.# #. .


You could see a kobold.

Vanquished Creatures
  A dart slug (D:1)
  3 ball pythons (D:1)
  3 endoplasms (D:1)
  2 giant cockroaches (D:1)
  4 goblins (D:1)
  A hobgoblin (D:1)
  4 jackals (D:1)
  3 frilled lizards (D:1)
  A kobold (D:1)
  A rat (D:1)
23 creatures vanquished.

Notes
Turn   | Place    | Note
-------+----------+-------------------------------------------
     0 | D:1      | booth the Demonspawn Gladiator began the quest for the Orb.
     0 | D:1      | Reached XP level 1. HP: 16/16 MP: 1/1
   171 | D:1      | Gained mutation: You have a small tail. [demonic ancestry]
   171 | D:1      | Reached XP level 2. HP: 21/22 MP: 2/2
   338 | D:1      | Gained mutation: You are partially covered in slimy green
                  | scales. (AC +2) [demonic ancestry]
   338 | D:1      | Reached XP level 3. HP: 15/28 MP: 3/3
   343 | D:1      | Slain by a kobold

Illustrated notes

Levels and vault maps discovered:
D:1:      evilmike_arrival_hilbert_curve, layout_rooms

Skill      XL: |  1  2 |
---------------+-------+-----
Throwing       | 2 |  2.1
Axes           | 3 |  3.0
Dodging        | 3 |  3.0
Fighting       | |  2.4

Action                     || total
---------------------------++-------
  Melee: War axe           ||    54
         Tailslap          ||     4
 Armour: Leather armour    ||    17
  Dodge: Dodged            ||    41
